 Dungeon Crawl Stone Soup version 0.21.0-3-g78d12a8 (webtiles) character file.

4134 vatarom the Ducker (level 10, -8/68 HPs)
             Began as a Gnoll Wanderer on Jan 16, 2018.
             Was a Priest of Ru.
             Mangled by a storm dragon (10 damage)
             ... on level 8 of the Dungeon.
             The game lasted 00:17:18 (8531 turns).

vatarom the Ducker (Gnoll Wanderer)                 Turns: 8531, Time: 00:17:19

Health: -8/68      AC: 14    Str: 17    XL:     10   Next: 27%
Magic:  6/15       EV: 16    Int: 13    God:    Ru [***...]
Gold:   302        SH:  0    Dex: 17    Spells: 19/19 levels left

rFire    . . .     SeeInvis .   v - +1 dire flail (venom)
rCold    . . .     Gourm    .   (shield currently unavailable)
rNeg     . . .     Faith    .   w - +1 leather armour
rPois    +         Spirit   .   (no helmet)
rElec    .         Reflect  .   F - +0 cloak
rCorr    .         Harm     .   (no gloves)
MR       .....                  q - +0 pair of boots
Stlth    ..........             D - amulet of inaccuracy
HPRegen  0.21/turn              o - ring of poison resistance
MPRegen  0.14/turn              u - +5 ring of protection

@: no status effects
A: distributed training, fangs 1, slimy green scales 1, camouflage 1, frail 1,
low mp 1, no stealth, strong nose
a: Draw Out Power, Renounce Religion


You were on level 8 of the Dungeon.
You worshipped Ru.
Ru was most pleased with you.
You were not hungry.

You visited 1 branch of the dungeon, and saw 8 of its levels.

You collected 464 gold pieces.
You spent 162 gold pieces at shops.

Inventory:

Hand Weapons
 v - a +1 dire flail of venom (weapon)
 G - a +1 hand crossbow of flaming
 L - a +2 antimagic war axe
Missiles
 b - 9 bolts
 s - 3 tomahawks (quivered)
Armour
 q - a +0 pair of boots (worn)
 w - a +1 leather armour (worn)
 y - a +2 chain mail of fire resistance
 F - a +0 cloak (worn)
Jewellery
 o - a ring of poison resistance (left hand)
 u - a +5 ring of protection (right hand)
 C - an uncursed ring of resist corrosion
 D - an amulet of inaccuracy (around neck)
Wands
 a - a wand of random effects (29)
 e - a wand of paralysis (12)
 r - a wand of polymorph (20)
 I - a wand of iceblast (2)
 K - a wand of digging (15)
Scrolls
 j - 3 scrolls of identify
 l - a scroll of remove curse
 p - 4 scrolls of teleportation
 B - a scroll of amnesia
 H - a scroll of fog
Potions
 c - a potion of lignification
 d - 2 potions of curing
 f - 2 potions of cancellation {unknown}
 h - a potion of ambrosia
 i - 2 potions of might
 k - 5 potions of magic
 n - a potion of resistance
 t - a potion of brilliance
 x - a potion of degeneration
 A - 3 potions of agility
Books
 z - a book of Geomancy

   Spells                             Type                      Level
   a - Sandblast                      Earth                        1
   b - Passwall                       Transmutation/Earth          2
   c - Stone Arrow                    Conjuration/Earth            3
   d - Petrify                        Transmutation/Earth          4
   e - Lee's Rapid Deconstruction     Earth                        5
 E - a book of Maledictions

   Spells                             Type                      Level
   a - Corona                         Hexes                        1
   b - Ensorcelled Hibernation        Hexes/Ice                    2
   c - Confuse                        Hexes                        3
   d - Tukima's Dance                 Hexes                        3
   e - Dazzling Spray                 Conjuration/Hexes            3
Comestibles
 g - 9 rations
 m - 2 chunks of flesh


   Skills:
 + Level 5.7 Fighting
 + Level 5.0 Short Blades
 + Level 5.0 Long Blades
 + Level 5.0 Axes
 + Level 5.0 Maces & Flails
 + Level 5.0 Polearms
 + Level 5.7 Staves
 + Level 5.0 Slings
 + Level 5.0 Bows
 + Level 6.9 Crossbows
 + Level 5.0 Throwing
 + Level 5.7 Armour
 + Level 6.9 Dodging
   Level 0.0 Stealth
 + Level 5.7 Shields
 + Level 5.0 Unarmed Combat
 + Level 5.0 Spellcasting
 + Level 4.1 Conjurations
 + Level 4.1 Hexes
 + Level 4.1 Charms
 + Level 4.1 Summonings
 + Level 4.1 Necromancy
 + Level 4.1 Translocations
 + Level 4.1 Transmutations
 + Level 4.1 Fire Magic
 + Level 4.1 Ice Magic
 + Level 4.1 Air Magic
 + Level 4.1 Earth Magic
 + Level 4.1 Poison Magic
 + Level 5.5 Invocations
 + Level 5.0 Evocations


You had 19 spell levels left.
You didn't know any spells.

Dungeon Overview and Level Annotations

Branches:
Dungeon (8/15)             Temple (0/1) D:6
   Lair: D:8-11

Altars:
Cheibriados
Makhleb
Nemelex Xobeh
Ru
The Shining One

Shops:
D:7 [([

Annotations:
D:4 Fairytaker's ghost, amateur GnFE


Innate Abilities, Weirdness & Mutations

Your experience applies equally to all skills.
You have very sharp teeth.
You are frail. (-10% HP)
You cannot be stealthy.
Your uncanny sense of smell can sniff out nearby items.
You are partially covered in slimy green scales. (AC +2)
Your skin changes colour to match your surroundings (Stealth+).
Your magical capacity is low. (-10% MP)


Message History

Unknown command.
The storm dragon bites you.
* * * LOW HITPOINT WARNING * * *
The storm dragon claws you but does no damage.
The storm dragon tramples you.
* * * LOW HITPOINT WARNING * * *
You hold your ground!
The storm dragon bites you.
* * * LOW HITPOINT WARNING * * *
The storm dragon claws you but does no damage.
The storm dragon tramples you but does no damage.
You see here a hand axe of flaming.
You feel better.
The storm dragon bites you but does no damage.
The storm dragon misses you.
The storm dragon tramples you but does no damage.
Unknown command.
You feel better. The storm dragon bites you!
* * * LOW HITPOINT WARNING * * *
The storm dragon misses you. The storm dragon tramples you!
You die...

....# #.##.#
....# #.##.#
....# #.##.#####
....#
#........##
....#
#..#####..#
....#
##########.#
....#
#..#.....#.#
....#
#..'....≈#.#
....#
#..'..P..#@#
....#
#..'.)..≈D.#
..).#
#..#.....###
....###'##P≈P.≈#
......#%.#≈≈≈≈P#
##.####.)+.P≈PP#
......##########
##.#####..# #.#
#..#


You could see a storm dragon.

Vanquished Creatures
  Pikel (D:5)
  2 dream sheep (D:8)
  2 yaks (D:8)
  A hungry ghost (D:8)
  Edmund (D:4)
  Menkaure (D:7)
  An orc warrior (D:8)
  A slave (D:5)
  A sky beast (D:6)
  2 ice beasts
  3 ogres
  A centaur (D:2)
  A phantom (D:5)
  3 big kobolds (D:8)
  3 bullfrogs
  A water moccasin zombie (D:5)
  A scorpion (D:4)
  3 howler monkeys (D:8)
  2 crimson imps
  6 orc priests
  4 hounds
  2 jellies
  2 iguanas
  Ijyb (D:4)
  15 orc wizards
  3 worker ants
  A killer bee zombie (D:5)
  A hound skeleton (D:5)
  3 gnolls (D:3)
  9 adders
  3 shadow imps
  An ooze (D:5)
  An adder zombie (D:5)
  3 worms
  A dart slug (D:1)
  3 leopard geckos
  35 orcs
  2 ball pythons (D:1)
  5 bats
  5 giant cockroaches
  7 goblins
  5 hobgoblins
  9 jackals
  5 quokkas
  3 frilled lizards
  2 jackal zombies (D:6)
  3 kobolds (D:2)
  2 quokka zombies
  8 rats
181 creatures vanquished.

Notes
Turn   | Place    | Note
-------+----------+-------------------------------------------
     0 | D:1      | vatarom the Gnoll Wanderer began the quest for the Orb.
     0 | D:1      | vatarom set off with: a +2 hand crossbow, 27 bolts, a potion of lignification, a potion of curing, a +0 robe, a +0 dagger, a ration
     0 | D:1      | Reached XP level 1. HP: 17/17 MP: 1/1
   172 | D:1      | Reached XP level 2. HP: 18/23 MP: 2/2
   726 | D:2      | Reached XP level 3. HP: 28/28 MP: 3/3
   803 | D:2      | Reached skill level 1 in Invocations
   888 | D:2      | Noticed a centaur
   897 | D:2      | Killed a centaur
   897 | D:2      | Reached skill level 1 in Short Blades
   897 | D:2      | Reached skill level 1 in Long Blades
   897 | D:2      | Reached skill level 1 in Axes
   897 | D:2      | Reached skill level 1 in Maces & Flails
   897 | D:2      | Reached skill level 1 in Polearms
   897 | D:2      | Reached skill level 1 in Slings
   897 | D:2      | Reached skill level 1 in Bows
   897 | D:2      | Reached skill level 1 in Throwing
   897 | D:2      | Reached skill level 1 in Unarmed Combat
   897 | D:2      | Reached skill level 1 in Spellcasting
   897 | D:2      | Reached skill level 1 in Conjurations
   897 | D:2      | Reached skill level 1 in Hexes
   897 | D:2      | Reached skill level 1 in Charms
   897 | D:2      | Reached skill level 1 in Summonings
   897 | D:2      | Reached skill level 1 in Necromancy
   897 | D:2      | Reached skill level 1 in Translocations
   897 | D:2      | Reached skill level 1 in Transmutations
   897 | D:2      | Reached skill level 1 in Fire Magic
   897 | D:2      | Reached skill level 1 in Ice Magic
   897 | D:2      | Reached skill level 1 in Air Magic
   897 | D:2      | Reached skill level 1 in Earth Magic
   897 | D:2      | Reached skill level 1 in Poison Magic
   897 | D:2      | Reached skill level 1 in Evocations
   897 | D:2      | Reached XP level 4. HP: 16/34 MP: 4/6
   897 | D:2      | Reached XP level 5. HP: 19/40 MP: 4/7
  1303 | D:3      | Found a burning altar of Makhleb.
  1579 | D:3      | Found a sacrificial altar of Ru.
  1636 | D:3      | Became a worshipper of Ru the Awakened
  2145 | D:4      | Noticed Ijyb
  2156 | D:4      | Killed Ijyb
  2156 | D:4      | Reached XP level 6. HP: 46/47 MP: 8/8
  2228 | D:4      | Found a sparkling altar of Nemelex Xobeh.
  2340 | D:4      | Noticed Fairytaker's ghost (amateur GnFE)
  2629 | D:4      | Reached skill level 5 in Crossbows
  2629 | D:4      | Reached skill level 5 in Dodging
  2775 | D:4      | Noticed Edmund
  2787 | D:4      | Killed Edmund
  2787 | D:4      | Reached XP level 7. HP: 29/52 MP: 10/10
  3348 | D:5      | Entered Level 5 of the Dungeon
  3462 | D:5      | Gained mutation: You cannot be stealthy. [Ru sacrifice]
  3606 | D:5      | Reached XP level 8. HP: 60/60 MP: 12/12
  3960 | D:5      | Noticed Pikel
  3975 | D:5      | Killed Pikel
  4646 | D:6      | Reached XP level 9. HP: 65/66 MP: 14/14
  4792 | D:6      | Found a staircase to the Ecumenical Temple.
  5332 | D:6      | Gained mutation: Your skin changes colour to match your surroundings (Stealth+). [potion of mutation]
  5332 | D:6      | Gained mutation: Your magical capacity is low. (-10% MP) [potion of mutation]
  5332 | D:6      | Gained mutation: You are partially covered in slimy green scales. (AC +2) [potion of mutation]
  5741 | D:7      | Found Dezu's Antique Weapon Shop.
  5751 | D:7      | Bought a runed hand crossbow for 162 gold pieces
  5848 | D:7      | Found Ahalytsot's Armour Emporium.
  5944 | D:7      | Noticed Menkaure
  5947 | D:7      | Killed Menkaure
  6103 | D:7      | Reached skill level 5 in Fighting
  6103 | D:7      | Reached skill level 5 in Staves
  6103 | D:7      | Reached skill level 5 in Armour
  6103 | D:7      | Reached skill level 5 in Shields
  6116 | D:7      | Found Pyzah's Armour Emporium.
  6197 | D:8      | Gained mutation: You are frail. (-10% HP) [Ru sacrifice]
  6197 | D:8      | Reached * piety under Ru
  6197 | D:8      | Reached ** piety under Ru
  6197 | D:8      | Reached *** piety under Ru
  6750 | D:8      | Reached skill level 5 in Invocations
  7023 | D:8      | Reached XP level 10. HP: 51/66 MP: 5/15
  7064 | D:8      | Reached skill level 5 in Short Blades
  7064 | D:8      | Reached skill level 5 in Long Blades
  7064 | D:8      | Reached skill level 5 in Axes
  7064 | D:8      | Reached skill level 5 in Maces & Flails
  7064 | D:8      | Reached skill level 5 in Polearms
  7064 | D:8      | Reached skill level 5 in Slings
  7064 | D:8      | Reached skill level 5 in Bows
  7064 | D:8      | Reached skill level 5 in Throwing
  7064 | D:8      | Reached skill level 5 in Unarmed Combat
  7064 | D:8      | Reached skill level 5 in Spellcasting
  7064 | D:8      | Reached skill level 5 in Evocations
  7231 | D:8      | Noticed a two-headed hydra
  7233 | D:8      | Noticed a storm dragon
  7233 | D:8      | a two-headed hydra changed into a storm dragon
  8250 | D:8      | Found a glowing golden altar of the Shining One.
  8250 | D:8      | Found a snail-covered altar of Cheibriados.
  8529 | D:8      | HP: 3/68 [storm dragon (4)]
  8531 | D:8      | Mangled by a storm dragon

Skill      XL: |  1  2  3  4  5  6  7  8  9 10 |
---------------+-------------------------------+-----
Invocations    | 1 2 3 4 5 |  5.5
Short Blades   | 1 2 3 4 5 |  5.0
Long Blades    | 1 2 3 4 5 |  5.0
Axes           | 1 2 3 4 5 |  5.0
Maces & Flails | 1 2 3 4 5 |  5.0
Polearms       | 1 2 3 4 5 |  5.0
Slings         | 1 2 3 4 5 |  5.0
Bows           | 1 2 3 4 5 |  5.0
Throwing       | 1 2 3 4 5 |  5.0
Unarmed Combat | 1 2 3 4 5 |  5.0
Spellcasting   | 1 2 3 4 5 |  5.0
Conjurations   | 1 2 3 4 |  4.1
Hexes          | 1 2 3 4 |  4.1
Charms         | 1 2 3 4 |  4.1
Summonings     | 1 2 3 4 |  4.1
Necromancy     | 1 2 3 4 |  4.1
Translocations | 1 2 3 4 |  4.1
Transmutations | 1 2 3 4 |  4.1
Fire Magic     | 1 2 3 4 |  4.1
Ice Magic      | 1 2 3 4 |  4.1
Air Magic      | 1 2 3 4 |  4.1
Earth Magic    | 1 2 3 4 |  4.1
Poison Magic   | 1 2 3 4 |  4.1
Evocations     | 1 2 3 4 5 |  5.0
Fighting       | 3 4 5 |  5.7
Staves         | 3 4 5 |  5.7
Armour         | 3 4 5 |  5.7
Shields        | 3 4 5 |  5.7
Crossbows      | 5 6 |  6.9
Dodging        | 5 6 |  6.9
Stealth        | 0 |  0.0

Action                   |  1- 3 |  4- 6 |  7- 9 | 10-12 || total
-------------------------+-------+-------+-------+-------++-------
Melee: Dagger            |     8 |       |       |       ||     8
       Dire flail        |       |       |   209 |     3 ||   212
       Bite              |       |       |    37 |     9 ||    46
       War axe           |       |       |    75 |    76 ||   151
       Punch             |       |       |     3 |     2 ||     5
       Unarmed           |       |       |     3 |       ||     3
       Hand crossbow     |       |       |     2 |       ||     2
 Fire: Hand crossbow     |    72 |   132 |   138 |       ||   342
Throw: Tomahawk          |       |       |     3 |       ||     3
Invok: Sacrifice Stealth |       |       |     1 |       ||     1
       Sacrifice Health  |       |       |     1 |       ||     1
Evoke: Wand              |       |       |     3 |     9 ||    12
  Use: Scroll            |       |     9 |     9 |     1 ||    19
       Potion            |       |     4 |     3 |     5 ||    12
 Stab: Invisible         |       |       |     1 |     3 ||     4
       Paralysed         |       |       |       |     6 ||     6
  Eat: Chunk             |       |     2 |     2 |     3 ||     7
       Ration            |       |     1 |     5 |       ||     6
Armor: Robe              |     8 |     1 |       |       ||     9
       Leather armour    |       |     7 |   126 |    33 ||   166
Dodge: Dodged            |    19 |    28 |   269 |    81 ||   397
